 Dungeon Crawl Stone Soup version 0.32-a0-953-g508020473e (webtiles) character file.

Game seed: 8008962831745034664

187 Esekla the Chiller (level 5, -2/39 HPs)
             Began as a Demonspawn Wanderer on Apr 16, 2024.
             Incinerated by a bombardier beetle (4 damage)
             ... with a burning spray
             ... on level 4 of the Dungeon.
             The game lasted 00:17:45 (3372 turns).

Esekla the Chiller (Demonspawn Wanderer)            Turns: 3372, Time: 00:17:46

Health: -2/39      AC:  3    Str: 11    XL:     5   Next: 39%
Magic:  5/8        EV: 10    Int: 17    God:
Gold:   172        SH:  0    Dex: 11    Spells: 4/8 levels left

rFire   . . .        a - +0 dagger
rCold   . . .        (no shield)
rNeg    . . .        c - +0 robe
rPois   .            (no helmet)
rElec   .            (no cloak)
rCorr   .            f - +0 pair of gloves
SInv    .            (no boots)
Will    .....        (no amulet)
Stlth   +            h - ring of flight
HPRegen 0.26/turn    (no ring)
MPRegen 0.11/turn

%: no passive effects
@: on fire, flying, glowing
A: condensation shield, demonic magic 1
a: no special abilities


You were on level 4 of the Dungeon.
You visited 1 branch of the dungeon, and saw 4 of its levels.

You collected 172 gold pieces.

Inventory:

Hand Weapons
 a - a +0 dagger (weapon)
Missiles
 g - 7 poisoned darts (quivered)
 l - 3 silver javelins
 m - 4 curare-tipped darts
Armour
 c - a +0 robe (worn)
 f - a +0 pair of gloves (worn)
Jewellery
 h - a ring of flight (left hand)
 p - a ring of fire
Wands
 d - a wand of flame (3)
Scrolls
 b - a scroll of brand weapon {unknown}
 i - a scroll of poison {unknown}
 j - 2 scrolls of torment
Potions
 e - 2 potions of mutation
 n - a potion of might


   Skills:
 * Level 2.5 Fighting
 + Level 1.6 Short Blades
 + Level 1.0 Throwing
 + Level 1.3 Dodging
 + Level 1.0 Stealth
 + Level 0.2 Shields
 * Level 2.2 Spellcasting
 + Level 1.0 Translocations
 * Level 3.4 Ice Magic
 + Level 3.1 Evocations


You had 4 spell levels left.
You knew the following spells:

 Your Spells              Type           Power      Damage    Failure   Level
a - Ozocubu's Armour      Ice            13%        N/A       14%         3
p - Apportation           Tloc           10%        N/A       13%         1

Your spell library contained the following spells:

 Spells                   Type           Power      Damage    Failure   Level
 Freeze                   Ice            52%        1d6       4%          1
 Ensorcelled Hibernation  Hex/Ice        14%        N/A       14%         2
 Jinxbite                 Hex            2%         N/A       28%         2
 Maxwell's Portable Pile  Tloc           5%         2d(5-15)  36%         3
 Passwall                 Erth           1%         N/A       50%         3
 Swiftness                Air            1%         N/A       50%         3
 Alistair's Intoxication  Alch           0%         N/A       99%         5


Dungeon Overview and Level Annotations

Branches:
Dungeon (4/15)
 Temple: D:4-7

Altars:
Qazlal

Shops:
D:2 [

Portals:
Ossuary: D:4

Annotations:
D:4 Pargi


Innate Abilities, Weirdness & Mutations

A meltable shield of frost defends you. (SH +0)
Spells you cast may paralyse adjacent enemies.


Message History

You hit the bombardier beetle.
The bombardier beetle is almost dead.
The liquid fire burns you! The heat melts your icy armour.
You hit the bombardier beetle but do no damage.
The bombardier beetle is almost dead.
The liquid fire burns you!
The bombardier beetle sprays incendiary fluid at you.
The burning spray hits you.
You are even more covered in liquid fire!
The heat melts your icy armour.
You hit the bombardier beetle.
The bombardier beetle is almost dead.
The liquid fire burns you! The heat melts your icy armour.
You completely miss the bombardier beetle.
The bombardier beetle is almost dead.
The liquid fire burns you!
* * * LOW HITPOINT WARNING * * *
The bombardier beetle barely misses you.
The heat melts your icy armour.
You barely miss the bombardier beetle.
The bombardier beetle is almost dead.
The liquid fire burns you!
* * * LOW HITPOINT WARNING * * *
The heat melts your icy armour.
Okay, then.
Okay, then.
Okay, then.
You hit the bombardier beetle but do no damage.
The bombardier beetle is almost dead.
The liquid fire burns you!
* * * LOW HITPOINT WARNING * * *
The bombardier beetle bites you but does no damage.
The heat melts your icy armour.
You hit the bombardier beetle but do no damage.
The bombardier beetle is almost dead.
The liquid fire burns you!
Your icy armour melts away.
You die...

#########.#
#.# #.# #.#
#.# #B# #.#
#########)#
#......@B.#
#....
....#########
#.#.# # #.#.#
#.#.# #.#.#
#.#.# #.#.#
#.#.#


You could see a bombardier beetle.

Vanquished Creatures
  A howler monkey (D:3)
  A sleepcap (D:3)
  2 hound zombies (D:4)
  2 adders
  8 ball pythons
  7 bats
  6 endoplasms
  6 giant cockroaches
  6 goblins
  5 hobgoblins
  11 jackals (D:2)
  A quokka (D:3)
  4 frilled lizards
  3 kobolds (D:2)
  8 rats
71 creatures vanquished.

Notes
Turn   | Place    | Note
-------+----------+-------------------------------------------
     0 | D:1      | Esekla the Demonspawn Wanderer began the quest for the Orb.
     0 | D:1      | Esekla set off with the following items: a +0 club, a
                  | potion of curing, a +0 robe, a wand of flame (3); and the
                  | following spells available to memorise: Freeze,
                  | Apportation, Ensorcelled Hibernation, Ozocubu's Armour,
                  | Maxwell's Portable Piledriver.
     0 | D:1      | Reached XP level 1. HP: 15/15 MP: 2/2
     2 | D:1      | Learned a level 1 spell: Apportation
   265 | D:1      | Gained mutation: Spells you cast may paralyse adjacent
                  | enemies. [demonic ancestry]
   265 | D:1      | Reached XP level 2. HP: 8/21 MP: 3/3
  1207 | D:2      | Gained mutation: A meltable shield of frost defends you.
                  | (SH +0) [demonic ancestry]
  1207 | D:2      | Reached XP level 3. HP: 20/27 MP: 5/5
  1230 | D:2      | Learned a level 3 spell: Ozocubu's Armour
  1335 | D:2      | Found Naihikosche's Armour Emporium.
  2177 | D:3      | Found a stormy altar of Qazlal.
  2262 | D:3      | Reached skill level 1 in Dodging
  2322 | D:3      | Reached XP level 4. HP: 33/33 MP: 2/6
  2462 | D:3      | Reached skill level 1 in Short Blades
  2598 | D:3      | Reached XP level 5. HP: 26/39 MP: 8/8
  3298 | D:4      | Found a sand-covered staircase.
  3302 | D:4      | Noticed Pargi
  3304 | D:4      | Reached skill level 1 in Stealth
  3371 | D:4      | HP: 1/39 [burnt (5)]
  3372 | D:4      | Incinerated by a bombardier beetle

Illustrated notes

Levels and vault maps discovered:
D:1:      dpeg_arrival_arbitrary_b, layout_basic, minmay_misc_feat_five,
          bh_walls_and_bars
D:2:      layout_basic, serial_shops, shop
D:3:      layout_basic, mainiacjoe_overflow_24_doors
D:4:      layout_loops_ring, gammafunk_ghost_stat_death,
          mainiacjoe_ossuary_entry_find_the_door, uniq_pargi

Skill      XL: |  1  2  3  4  5 |
---------------+----------------+-----
Ice Magic      | 3 |  3.4
Fighting       | 2 |  2.5
Dodging        | 1 |  1.3
Short Blades   | 1 |  1.6
Spellcasting   | 2 |  2.2
Stealth        | 1 |  1.0
Throwing       | |  1.0
Shields        | |  0.2
Translocations | |  1.0
Evocations     | |  3.1

Action                     |  1- 3 |  4- 6 || total
---------------------------+-------+-------++-------
  Melee: Club              |    31 |       ||    31
         Dagger            |   238 |   153 ||   391
  Throw: Dart              |     3 |     1 ||     4
   Cast: Ozocubu's Armour  |     6 |     7 ||    13
         Apportation       |     1 |       ||     1
    Use: Potion            |       |     1 ||     1
         Scroll            |       |     4 ||     4
   Stab: Sleeping          |     4 |     1 ||     5
         Paralysed         |     4 |    14 ||    18
 Armour: Robe              |   145 |   113 ||   258
  Dodge: Dodged            |   160 |    77 ||   237
  Block: Other             |    18 |    26 ||    44

Table legend: (Time is in decaauts)
 A = Elapsed time spent in this place.
 B = Non-inter-level travel time spent in this place.
 C = Inter-level travel time spent in this place.
 D = Time resting spent in this place.
 E = Time spent auto-exploring this place.
 F = Levels seen in this place.
 G = Mean time per level.
                   A        B        C        D        E       F      G
               +--------+--------+--------+--------+--------+-----+--------+
         Total |   3368 |   3276 |     92 |    529 |   1148 |   4 |  842.0 |
       Dungeon |   3368 |   3276 |     92 |    529 |   1148 |   4 |  842.0 |
               +--------+--------+--------+--------+--------+-----+--------+

Top non-repeatable levels by time:
     D:2: 1080 daAuts
     D:3: 1031 daAuts
     D:1: 1013 daAuts
     D:4: 242 daAuts
